[Event "ICC tourney 2259 (45 10)"]
[Site "Internet Chess Club"]
[Date "2020.12.30"]
[Round "4"]
[White "tacticsalk"]
[Black "Markss1420"]
[Result "1/2-1/2"]
[ICCResult "Game drawn by mutual agreement"]
[WhiteElo "2326"]
[BlackElo "2108"]
[Opening "Modern defense"]
[ECO "A40"]
[NIC "QO.17"]
[Time "18:32:19"]
[PlyCount "92"]
[TimeControl "2700+10"]

1. d4 g6 2. c4 d6 3. Nf3 Bg7 4. Nc3 Nd7 5. e4 c6 6. Be3 Qc7 7. Qd2 a6 8. a4
b6 9. Be2 Bb7 10. O-O e5 11. Ne1 Ngf6 12. f4 O-O 13. fxe5 dxe5 14. d5 Ne8
15. dxc6 Bxc6 16. a5 bxa5 17. Nd5 Bxd5 18. exd5 Nd6 19. Qxa5 Rfc8 20. b3
Nf5 21. Nc2 Nxe3 22. Qxc7 Rxc7 23. Nxe3 e4 24. Rad1 Rb7 25. d6 Rxb3 26. Nd5
Rb2 27. c5 Nxc5 28. Bc4 Nd7 29. Ne7+ Kh8 30. Bd5 e3 31. Bxa8 e2 32. Bc6
exf1=Q+ 33. Kxf1 Ne5 34. d7 Nxd7 35. Rxd7 Be5 36. Nc8 Rc2 37. Nd6 Bxd6 38.
Rxd6 Rc5 39. Bd5 a5 40. Ke2 f5 41. Rd7 Rc3 42. Kd2 Ra3 43. Rc7 h5 44. Rc3
Ra4 45. Rc4 Ra3 46. Rc3 Ra4 { Game drawn by mutual agreement } 1/2-1/2

[Event "ICC tourney 2259 (45 10)"]
[Site "Internet Chess Club"]
[Date "2020.12.30"]
[Round "4"]
[White "MiamiBoy"]
[Black "jy2020"]
[Result "1-0"]
[ICCResult "Black resigns"]
[WhiteElo "2278"]
[BlackElo "2227"]
[Opening "Sicilian: Najdorf"]
[ECO "B90"]
[NIC "SI.14"]
[Time "18:31:31"]
[PlyCount "75"]
[TimeControl "2700+10"]

1. e4 c5 2. Nf3 d6 3. d4 cxd4 4. Nxd4 Nf6 5. Nc3 a6 6. f3 e5 7. Nb3 Be6 8.
Be3 h5 9. Qd2 Nbd7 10. O-O-O Rc8 11. Kb1 Be7 12. Nd5 Nxd5 13. exd5 Bf5 14.
Bd3 Bxd3 15. Qxd3 Bg5 16. Bf2 O-O 17. h4 Bh6 18. g4 Bf4 19. gxh5 f5 20.
Rdg1 Rf6 21. Rg2 Nf8 22. Rhg1 Rf7 23. c4 b6 24. Nd2 b5 25. cxb5 axb5 26.
Nb3 Rc4 27. Be1 Qc8 28. Bd2 Qd8 29. Bxf4 Rxf4 30. h6 Qxh4 31. hxg7 Nd7 32.
Qxb5 Qd8 33. a4 Rxf3 34. a5 Rh3 35. a6 f4 36. a7 f3 37. Rf2 Nb6 38. Qxb6 {
Black resigns } 1-0

[Event "ICC tourney 2259 (45 10)"]
[Site "Internet Chess Club"]
[Date "2020.12.30"]
[Round "4"]
[White "Aleksandrov73"]
[Black "superind"]
[Result "1-0"]
[ICCResult "Black resigns"]
[WhiteElo "2629"]
[BlackElo "2710"]
[Opening "Queen's pawn: Yusupov-Rubinstein system"]
[ECO "A05"]
[NIC "QP.11"]
[Time "18:32:19"]
[PlyCount "81"]
[TimeControl "2700+10"]

1. Nf3 Nf6 2. e3 e6 3. d4 b6 4. Bd3 Bb7 5. O-O Be7 6. b3 O-O 7. Bb2 Ne4 8.
c4 f5 9. Nc3 Bb4 10. Rc1 Bxc3 11. Bxc3 Nxc3 12. Rxc3 d6 13. c5 Bd5 14. cxd6
cxd6 15. Qe2 Nd7 16. e4 fxe4 17. Bxe4 Nf6 18. Bxd5 exd5 19. Qe6+ Kh8 20.
Rfc1 Qe8 21. Qxe8 Rfxe8 22. Rc7 h6 23. Kf1 Ne4 24. R1c2 b5 25. Ng1 b4 26.
Ne2 a5 27. f3 Nf6 28. Rb7 Reb8 29. Rxb8+ Rxb8 30. Rc6 a4 31. Rxd6 a3 32.
Ke1 Kg8 33. Nf4 Rb5 34. h4 Kf7 35. h5 Ke7 36. Ra6 Rb7 37. Kd2 Kd7 38. g4
Ke7 39. Nd3 Ne8 40. Ra4 Nd6 41. Rxb4 { Black resigns } 1-0

[Event "ICC tourney 2259 (45 10)"]
[Site "Internet Chess Club"]
[Date "2020.12.30"]
[Round "4"]
[White "nreiner"]
[Black "GeorgeDai"]
[Result "0-1"]
[ICCResult "White resigns"]
[WhiteElo "2005"]
[BlackElo "2060"]
[Opening "Caro-Kann: Steinitz variation"]
[ECO "B17"]
[NIC "CK.08"]
[Time "18:32:02"]
[PlyCount "114"]
[TimeControl "2700+10"]

1. e4 c6 2. d4 d5 3. Nc3 dxe4 4. Nxe4 Nd7 5. Nf3 Ngf6 6. Bd3 Nxe4 7. Bxe4
Nf6 8. Bd3 Bg4 9. c3 e6 10. h3 Bh5 11. Bg5 Be7 12. O-O Qd5 13. Bxf6 Bxf6
14. Be2 O-O 15. Nd2 Bxe2 16. Qxe2 g6 17. Rfe1 Bg7 18. Nf3 Rad8 19. Rad1 Qa5
20. Qc2 Rd6 21. Nd2 Qc7 22. Ne4 Rd5 23. Rd3 Rfd8 24. Rf3 e5 25. dxe5 Rxe5
26. Rfe3 Rde8 27. Qd3 Qb6 28. b4 Rd8 29. Qc4 Qc7 30. a4 b6 31. f4 Rf5 32.
g3 Rfd5 33. b5 c5 34. Ng5 Bf6 35. Ne4 Bg7 36. Ng5 Bf8 37. h4 Qd7 38. h5 Qg4
39. h6 Rxg5 40. Qa2 Rh5 41. Qg2 Rxh6 42. Re8 Rxe8 43. Rxe8 Qd1+ 44. Kf2
Qd2+ 45. Re2 Qxc3 46. Qa8 Rh2+ 47. Kf1 Rxe2 48. Kxe2 Qc4+ 49. Kf3 Qxa4 50.
Qc6 a6 51. Qxb6 Qxb5 52. Qf6 c4 53. g4 Qb3+ 54. Kg2 c3 55. f5 c2 56. fxg6
hxg6 57. Qf4 Qb1 { White resigns } 0-1

[Event "ICC tourney 2259 (45 10)"]
[Site "Internet Chess Club"]
[Date "2020.12.30"]
[Round "4"]
[White "CoolBoy2020"]
[Black "woochess"]
[Result "0-1"]
[ICCResult "White checkmated"]
[WhiteElo "2185"]
[BlackElo "2595"]
[Opening "Sicilian: Anderssen variation"]
[ECO "B41"]
[NIC "SI.41"]
[Time "18:31:26"]
[PlyCount "108"]
[TimeControl "2700+10"]

1. e4 c5 2. Nf3 e6 3. d4 cxd4 4. Nxd4 Nf6 5. Nc3 Nc6 6. Nxc6 bxc6 7. Bd3 e5
8. O-O Be7 9. Qe2 O-O 10. Rd1 d6 11. h3 a5 12. a4 Nd7 13. b3 Nb6 14. Bb2
Be6 15. Nb1 Qc7 16. Nd2 f6 17. c4 Nd7 18. Nf1 Nc5 19. Bc2 Rfb8 20. Ra3 Rb7
21. Bc3 Bf7 22. Ne3 Bf8 23. Qd2 Be6 24. Rb1 Bf7 25. Rd1 Rbb8 26. Nf5 Rd8
27. b4 axb4 28. Bxb4 Bxc4 29. Qc3 Be2 30. Rd2 Bh5 31. Ne3 Ne6 32. Qa1 Bf7
33. Nf5 c5 34. Bc3 Nd4 35. Ne3 Nxc2 36. Rxc2 Qc6 37. f3 c4 38. Kh2 d5 39.
exd5 Bxd5 40. Raa2 Bf7 41. a5 Rd3 42. Nd1 e4 43. fxe4 Qxe4 44. Nf2 Bd6+ 45.
Kg1 Bc5 46. Kh1 Bxf2 47. Rxf2 Rxh3+ 48. Kg1 Rh5 49. Rf3 Bd5 50. Bxf6 gxf6
51. Rg3+ Kf7 52. Rd2 Rxa5 53. Qd1 Qe5 54. Qg4 Qe1# { White checkmated } 0-1

[Event "ICC tourney 2259 (45 10)"]
[Site "Internet Chess Club"]
[Date "2020.12.30"]
[Round "4"]
[White "SkyAngel"]
[Black "musk6868"]
[Result "0-1"]
[ICCResult "White resigns"]
[WhiteElo "2185"]
[BlackElo "2066"]
[Opening "Sicilian defense"]
[ECO "B40"]
[NIC "SI.43"]
[Time "18:31:59"]
[PlyCount "56"]
[TimeControl "2700+10"]

1. e4 c5 2. Nf3 e6 3. g3 Nc6 4. Bg2 Nf6 5. Qe2 d5 6. exd5 Nxd5 7. O-O Be7
8. Rd1 O-O 9. d4 cxd4 10. Nxd4 Nxd4 11. Rxd4 Qb6 12. Rxd5 exd5 13. Qxe7 Bh3
14. Qe3 Rae8 15. Qd2 Bxg2 16. Kxg2 d4 17. Na3 Qc6+ 18. f3 Re6 19. b3 Rfe8
20. Kf2 Re3 21. Qd1 Re1 22. Qd3 Qe6 23. g4 Qd6 24. f4 Rxc1 25. Rxc1 Qxf4+
26. Kg2 Qxc1 27. Nc4 Qe1 28. Qf3 b5 { White resigns } 0-1

[Event "ICC tourney 2259 (45 10)"]
[Site "Internet Chess Club"]
[Date "2020.12.30"]
[Round "4"]
[White "KnightHawk8"]
[Black "JonnyTurgi"]
[Result "1/2-1/2"]
[ICCResult "Game drawn because neither player has mating material"]
[WhiteElo "2014"]
[BlackElo "2087"]
[Opening "Caro-Kann: classical, Spassky variation"]
[ECO "B19"]
[NIC "CK.12"]
[Time "18:31:24"]
[PlyCount "142"]
[TimeControl "2700+10"]

1. e4 c6 2. d4 d5 3. Nd2 dxe4 4. Nxe4 Bf5 5. Ng3 Bg6 6. h4 h6 7. Nf3 Nd7 8.
h5 Bh7 9. Bd3 Bxd3 10. Qxd3 e6 11. Bd2 Ngf6 12. O-O-O Be7 13. c4 O-O 14.
Ne4 Nxe4 15. Qxe4 Nf6 16. Qe2 b5 17. cxb5 cxb5 18. Kb1 Qd5 19. Ne5 Qe4+ 20.
Qxe4 Nxe4 21. Be3 Bf6 22. g4 Rfd8 23. f3 Ng5 24. f4 Ne4 25. Rhg1 Rd5 26. g5
hxg5 27. fxg5 Bxe5 28. dxe5 Rxe5 29. Rd7 a6 30. g6 Rf8 31. h6 Nf6 32. gxf7+
Rxf7 33. Rxg7+ Rxg7 34. Rxg7+ Kf8 35. Bd4 Rf5 36. Ra7 e5 37. Bc5+ Kg8 38.
Rxa6 e4 39. Bd4 Nh7 40. Rg6+ Kf8 41. Rb6 Kf7 42. a3 Rh5 43. Ka2 Nf8 44. Kb3
Ne6 45. Rb7+ Kg8 46. Rb8+ Kh7 47. Rb7+ Kg6 48. Rb6 Kf7 49. Rb7+ Kg6 50. Rb6
Kf7 51. Bf2 Rxh6 52. Rxb5 Rf6 53. Rb7+ Kg6 54. Bg1 Rf1 55. Ba7 e3 56. Bxe3
Rf3 57. Ka4 Rxe3 58. b4 Kf6 59. Ra7 Ke5 60. Kb5 Kd6 61. a4 Nc7+ 62. Ka5 Re8
63. b5 Ra8 64. Kb6 Nd5+ 65. Kb7 Rxa7+ 66. Kxa7 Kc5 67. Ka6 Nc7+ 68. Ka5 Nd5
69. Ka6 Nc7+ 70. Kb7 Nxb5 71. axb5 Kxb5 { Game drawn because neither player
has mating material } 1/2-1/2

[Event "ICC tourney 2259 (45 10)"]
[Site "Internet Chess Club"]
[Date "2020.12.30"]
[Round "4"]
[White "chessw23"]
[Black "edmehu"]
[Result "0-1"]
[ICCResult "White resigns"]
[WhiteElo "1961"]
[BlackElo "2212"]
[Opening "Sicilian: Alapin's variation (2.c3)"]
[ECO "B22"]
[NIC "SI.47"]
[Time "18:36:15"]
[PlyCount "128"]
[TimeControl "2700+10"]

1. e4 c5 2. c3 Nf6 3. e5 Nd5 4. d4 cxd4 5. Nf3 Nc6 6. cxd4 d6 7. Bc4 dxe5
8. dxe5 Ndb4 9. Qxd8+ Nxd8 10. Na3 Bg4 11. Nd4 Ndc6 12. Nxc6 Nxc6 13. h3
Bh5 14. e6 fxe6 15. Bxe6 Bf7 16. Bxf7+ Kxf7 17. O-O Rd8 18. Be3 e6 19. Nc2
Be7 20. Rfd1 Bf6 21. Rab1 Rd5 22. b4 Rhd8 23. Rxd5 exd5 24. b5 Ne5 25. Bxa7
Ra8 26. Bd4 Ra4 27. Bxe5 Bxe5 28. a3 d4 29. Rb4 Ra8 30. Nxd4 Rd8 31. g3
Rxd4 32. Rb3 Ke6 33. Kg2 Kd5 34. f4 Bd6 35. f5 Ra4 36. Rd3+ Ke5 37. Re3+
Kxf5 38. Rf3+ Ke6 39. Re3+ Kd5 40. Rd3+ Kc5 41. Kf3 Rd4 42. Rb3 Kc4 43. Rb1
Rd3+ 44. Ke4 Rxg3 45. a4 Ra3 46. Kf5 Rxa4 47. Ke6 Bc5 48. Kf7 Bd4 49. h4
Rb4 50. Rc1+ Kxb5 51. h5 h6 52. Rc7 Ka4 53. Rd7 b5 54. Rd5 Rc4 55. Rd7 b4
56. Kg6 b3 57. Rd8 b2 58. Ra8+ Kb3 59. Rb8+ Rb4 60. Rxb4+ Kxb4 61. Kh7
b1=Q+ 62. Kh8 Qf5 63. Kg8 Qe6+ 64. Kh7 Qf7 { White resigns } 0-1

[Event "ICC tourney 2259 (45 10)"]
[Site "Internet Chess Club"]
[Date "2020.12.30"]
[Round "4"]
[White "MrNormalName"]
[Black "BBCC2020"]
[Result "1-0"]
[ICCResult "Black resigns"]
[WhiteElo "2181"]
[BlackElo "2193"]
[Opening "QGD: 3.Nc3"]
[ECO "D31"]
[NIC "QP.08"]
[Time "18:32:19"]
[PlyCount "111"]
[TimeControl "2700+10"]

1. d4 d5 2. c4 e6 3. Nc3 Bb4 4. cxd5 exd5 5. Bf4 Nf6 6. e3 O-O 7. Bd3 c5 8.
Ne2 Nc6 9. dxc5 Bxc5 10. O-O Bg4 11. Rc1 a6 12. Bg5 d4 13. Bxf6 gxf6 14.
Ne4 Ba7 15. exd4 Nxd4 16. h3 Bh5 17. N4g3 Nxe2+ 18. Bxe2 Qxd1 19. Bxd1 Bg6
20. Bf3 Rad8 21. Rfd1 b5 22. h4 h6 23. h5 Bd3 24. Rc7 Bb8 25. Rc6 Be5 26.
Rxa6 Bxb2 27. Be4 Bxe4 28. Rxd8 Rxd8 29. Nxe4 Kg7 30. Nd6 Be5 31. Nf5+ Kh7
32. g3 b4 33. Ra7 Rf8 34. Kg2 Bc3 35. Kf3 Be1 36. Nd6 Kg7 37. Ke2 Bc3 38.
Nf5+ Kh7 39. Kd3 Re8 40. Rxf7+ Kh8 41. Ra7 Re5 42. Ra8+ Kh7 43. Ra7+ Kh8
44. g4 Rd5+ 45. Ke4 Rd2 46. Ra8+ Kh7 47. Ra7+ Kh8 48. f3 Be5 49. Ra8+ Kh7
50. Ra7+ Kh8 51. Nxh6 Bb2 52. Nf5 Ba3 53. Ra8+ Kh7 54. Ra7+ Kg8 55. Nh6+
Kh8 56. Kf5 { Black resigns } 1-0

[Event "ICC tourney 2259 (45 10)"]
[Site "Internet Chess Club"]
[Date "2020.12.30"]
[Round "4"]
[White "BranKing"]
[Black "erickzhao"]
[Result "0-1"]
[ICCResult "White resigns"]
[WhiteElo "2102"]
[BlackElo "2296"]
[Opening "Sicilian: Canal-Sokolsky attack, 3...Bd7"]
[ECO "B52"]
[NIC "SI.01"]
[Time "18:31:46"]
[PlyCount "74"]
[TimeControl "2700+10"]

1. e4 c5 2. Nf3 d6 3. Bb5+ Bd7 4. Bxd7+ Qxd7 5. O-O Nf6 6. Re1 Nc6 7. c3 e6
8. d4 cxd4 9. cxd4 d5 10. e5 Ne4 11. Nbd2 Nxd2 12. Bxd2 Be7 13. Rc1 O-O 14.
Rc3 Rac8 15. a3 b5 16. Rd3 b4 17. h4 Na5 18. Ng5 Nc4 19. Bc1 bxa3 20. bxa3
h6 21. Nh3 Kh7 22. Qh5 Qe8 23. Qg4 Rc6 24. Rg3 Rg8 25. Ng5+ Kh8 26. Qh5 Rf8
27. Nh3 f6 28. Qg4 Rf7 29. Bxh6 gxh6 30. Nf4 fxe5 31. Ng6+ Kh7 32. dxe5 Bc5
33. Nf4 Qf8 34. Qg6+ Kh8 35. Rb1 Nb6 36. Qh5 Rxf4 37. Rg6 Bxf2+ { White
resigns } 0-1

[Event "ICC tourney 2259 (45 10)"]
[Site "Internet Chess Club"]
[Date "2020.12.30"]
[Round "4"]
[White "e4f5"]
[Black "srohithkrishna"]
[Result "0-1"]
[ICCResult "White resigns"]
[WhiteElo "2253"]
[BlackElo "2354"]
[Opening "Ruy Lopez: Anderssen variation"]
[ECO "C77"]
[NIC "RL.12"]
[Time "18:31:33"]
[PlyCount "116"]
[TimeControl "2700+10"]

1. e4 e5 2. Nf3 Nc6 3. Bb5 a6 4. Ba4 Nf6 5. d3 b5 6. Bb3 Be7 7. O-O d6 8.
c3 Na5 9. Bc2 c5 10. Nbd2 O-O 11. Re1 Re8 12. Nf1 Bf8 13. d4 cxd4 14. cxd4
Bg4 15. d5 Rc8 16. Bd3 g6 17. Ne3 Bd7 18. Nc2 Nh5 19. g3 Qb6 20. Be3 Qb8
21. Nb4 Nc4 22. Bc1 Qb7 23. b3 Nb6 24. Be3 a5 25. Nc6 Bxc6 26. dxc6 Qxc6
27. Qe2 Nd7 28. Bxb5 Qc7 29. Rac1 Qd8 30. Rxc8 Qxc8 31. Rc1 Qd8 32. Qc4 Re7
33. Bg5 Ndf6 34. Qc8 Qb6 35. a4 Qb7 36. g4 Qxe4 37. gxh5 Qxf3 38. h6 Re6
39. Bxf6 Qg4+ 40. Kf1 Qh3+ 41. Ke1 Qxh6 42. Bd8 e4 43. Bb6 Qxh2 44. Qd8
Qh1+ 45. Kd2 e3+ 46. Bxe3 Qd5+ 47. Kc2 Kg7 48. Rd1 Qf5+ 49. Bd3 Qf3 50. Kd2
Be7 51. Qxa5 d5 52. Be2 Qe4 53. Bd3 Bb4+ 54. Kc2 Rc6+ 55. Kb1 Qg4 56. Bd4+
Qxd4 57. Qb5 Qc3 58. Qxd5 Ba3 { White resigns } 0-1

[Event "ICC tourney 2259 (45 10)"]
[Site "Internet Chess Club"]
[Date "2020.12.30"]
[Round "4"]
[White "hoshibosh"]
[Black "kooler2"]
[Result "1-0"]
[ICCResult "Black resigns"]
[WhiteElo "2151"]
[BlackElo "2038"]
[Opening "French: advance variation"]
[ECO "C02"]
[NIC "FR.03"]
[Time "18:31:30"]
[PlyCount "109"]
[TimeControl "2700+10"]

1. e4 e6 2. d4 d5 3. e5 c5 4. c3 Qb6 5. Nf3 Nc6 6. Be2 Nh6 7. O-O cxd4 8.
Bxh6 Qxb2 9. Bc1 Qxa1 10. Qc2 Bd7 11. Bb5 a5 12. Bxc6 bxc6 13. Nxd4 a4 14.
Nd2 Be7 15. Bb2 Qxa2 16. Ra1 Qxa1+ 17. Bxa1 c5 18. Ne2 c4 19. Nd4 O-O 20.
f4 a3 21. g4 f6 22. exf6 Rxf6 23. f5 e5 24. N4f3 Bd6 25. Nf1 h5 26. h3 g6
27. Qd2 hxg4 28. Qxd5+ Kg7 29. Qxa8 gxf3 30. Qa7 Rf7 31. Ne3 Bxf5 32. Nxf5+
gxf5 33. Qa6 Bc5+ 34. Kf1 Rd7 35. Ke1 f2+ 36. Ke2 Rd1 37. Qb7+ Kf6 38. Qc6+
Kf7 39. Qb7+ Ke8 40. Qc8+ Rd8 41. Qe6+ Kf8 42. Qf6+ Ke8 43. Qc6+ Kf7 44.
Qxc5 Rd2+ 45. Kf1 Rd1+ 46. Kxf2 Rxa1 47. Qxe5 a2 48. Qxf5+ Kg7 49. Qg4+ Kh7
50. Qd7+ Kh8 51. Qc8+ Kh7 52. Qb7+ Kh8 53. Qa8+ Kh7 54. Kg2 Kh6 55. Qa3 {
Black resigns } 1-0

[Event "ICC tourney 2259 (45 10)"]
[Site "Internet Chess Club"]
[Date "2020.12.30"]
[Round "4"]
[White "MiamiDude"]
[Black "adchess"]
[Result "1-0"]
[ICCResult "Black resigns"]
[WhiteElo "2415"]
[BlackElo "1995"]
[Opening "English opening"]
[ECO "A20"]
[NIC "EO.03"]
[Time "18:31:31"]
[PlyCount "207"]
[TimeControl "2700+10"]

1. c4 e5 2. g3 Nf6 3. Bg2 d5 4. cxd5 Nxd5 5. Nf3 Nc6 6. Nc3 Nxc3 7. bxc3
Bc5 8. O-O O-O 9. d3 Rb8 10. Ng5 Be7 11. f4 exf4 12. gxf4 h6 13. Nf3 Qd6
14. e4 Qc5+ 15. Rf2 Qxc3 16. Bb2 Qc5 17. d4 Qb6 18. Rb1 a5 19. Ba3 Nb4 20.
f5 Bd7 21. Bc1 Qa6 22. Ne5 Bb5 23. Qh5 Bf6 24. Ng4 Bxd4 25. f6 Be2 26. fxg7
Bxf2+ 27. Kxf2 Nd3+ 28. Kg3 Bxg4 29. gxf8=Q+ Rxf8 30. Qxh6 Bc8 31. Qxa6
bxa6 32. Bd2 a4 33. Bc3 Be6 34. a3 Rd8 35. Bf6 Rd6 36. Rb8+ Kh7 37. h4 Kh6
38. Bf3 Bc4 39. e5 Rxf6 40. exf6 Kg6 41. Be2 Kxf6 42. Bxd3 Bxd3 43. Rc8 Kg6
44. Rxc7 f6 45. Kf4 Kh5 46. Rc8 Be2 47. Kg3 Kg6 48. Rc5 Kh6 49. Kf2 Bd3 50.
Ke3 Bb5 51. Kd4 Be2 52. Rd5 Kg6 53. Kc5 f5 54. Rd4 Kf6 55. Rxa4 Ke5 56. Rd4
Bh5 57. Rd5+ Ke4 58. a4 Bg4 59. Kd6 f4 60. h5 f3 61. h6 f2 62. h7 f1=Q 63.
h8=Q Qf4+ 64. Qe5+ Qxe5+ 65. Rxe5+ Kd4 66. a5 Bh3 67. Rh5 Bf1 68. Kc6 Bg2+
69. Kb6 Bf1 70. Rc5 Be2 71. Rc7 Kd5 72. Rd7+ Ke6 73. Rd2 Bf1 74. Kc5 Ke7
75. Rd1 Bb5 76. Rb1 Kd7 77. Kb6 Be2 78. Rb2 Bf1 79. Rd2+ Kc8 80. Rc2+ Kd7
81. Kb7 Ke6 82. Rd2 Bc4 83. Kc6 Bb5+ 84. Kc5 Ke7 85. Rd5 Ke6 86. Rd6+ Ke7
87. Kd5 Ke8 88. Rb6 Kd8 89. Rg6 Bd3 90. Rg3 Be2 91. Rg7 Ke8 92. Kd6 Bf1 93.
Rg8+ Kf7 94. Rb8 Bd3 95. Rb3 Bc4 96. Re3 Kg6 97. Rf3 Be2 98. Rf2 Bb5 99.
Kc5 Bd3 100. Kb6 Kg5 101. Rf8 Kg4 102. Ra8 Kf5 103. Rxa6 Ke6 104. Ra8 {
Black resigns } 1-0

[Event "ICC tourney 2259 (45 10)"]
[Site "Internet Chess Club"]
[Date "2020.12.30"]
[Round "4"]
[White "Pifischer"]
[Black "vedrau"]
[Result "0-1"]
[ICCResult "White resigns"]
[WhiteElo "1976"]
[BlackElo "2042"]
[Opening "Four knights: Scotch, 4...exd4"]
[ECO "C47"]
[NIC "SO.03"]
[Time "18:31:58"]
[PlyCount "170"]
[TimeControl "2700+10"]

1. e4 e5 2. Nf3 Nc6 3. Nc3 Nf6 4. d4 exd4 5. Nxd4 Bb4 6. Nxc6 bxc6 7. Bd3
d5 8. exd5 cxd5 9. O-O O-O 10. Bg5 c6 11. Qf3 Be7 12. h3 Rb8 13. b3 c5 14.
Rad1 Bb7 15. Rfe1 d4 16. Ne4 Kh8 17. Bf4 Rc8 18. Be5 Nd7 19. Qg3 Nxe5 20.
Qxe5 f5 21. Nd2 Bd6 22. Qe6 Qg5 23. Bf1 Rcd8 24. Nc4 Bd5 25. Qe2 Bb8 26.
Qe7 Qf4 27. Ne5 Bd6 28. g3 Qh6 29. Qh4 Qxh4 30. gxh4 f4 31. Bc4 Bc7 32.
Bxd5 Rxd5 33. Nf7+ Kg8 34. Ng5 Bd6 35. Ne6 Rf6 36. f3 h6 37. Rd2 Be5 38. c4
Rd6 39. Nxc5 Rg6+ 40. Kh2 Bf6 41. Re8+ Kf7 42. Ra8 Bxh4 43. Rxa7+ Kg8 44.
Ne4 Rd8 45. c5 d3 46. b4 Be1 47. Rg2 Rxg2+ 48. Kxg2 Bxb4 49. c6 d2 50. Nxd2
Rxd2+ 51. Kf1 Rc2 52. c7 Kh7 53. a3 Bd6 54. a4 Bxc7 55. a5 Bd6 56. Rd7 Bb4
57. a6 Ra2 58. Rd4 Be7 59. Rd7 Bc5 60. Rc7 Bb6 61. Rc4 Rxa6 62. Rxf4 Ra2
63. Ke1 Kg6 64. Rg4+ Kf6 65. Rc4 Bf2+ 66. Kf1 Bg3 67. Rg4 Be5 68. Re4 Kf5
69. h4 Bf6 70. Kg1 Bd8 71. Rg4 Bb6+ 72. Kh1 g6 73. Rb4 Be3 74. Re4 Bf4 75.
Kg1 Bh2+ 76. Kf1 Bg3 77. Kg1 Rd2 78. Rg4 Bf4 79. Kh1 h5 80. Rg2 Rd1+ 81.
Rg1 Rxg1+ 82. Kxg1 Bg3 83. Kg2 Bxh4 84. Kh3 Be1 85. Kg2 Kf4 { White resigns
} 0-1

[Event "ICC tourney 2259 (45 10)"]
[Site "Internet Chess Club"]
[Date "2020.12.30"]
[Round "4"]
[White "YKQ"]
[Black "helavir"]
[Result "0-1"]
[ICCResult "White resigns"]
[WhiteElo "2550"]
[BlackElo "2626"]
[Opening "Queen's pawn, Mason variation"]
[ECO "D00"]
[NIC "QP.08"]
[Time "18:31:48"]
[PlyCount "140"]
[TimeControl "2700+10"]

1. d4 d5 2. Bf4 Nf6 3. e3 Bf5 4. c4 e6 5. Qb3 Qc8 6. Nc3 c6 7. Nf3 Be7 8.
h3 Nbd7 9. Rc1 h6 10. Be2 O-O 11. O-O a6 12. cxd5 exd5 13. Ne5 Be6 14. Na4
Ra7 15. Bd3 Qd8 16. Bb1 Nxe5 17. Bxe5 Nd7 18. Bg3 a5 19. Qc2 g6 20. f3 Ra8
21. Rcd1 Rc8 22. e4 b5 23. Nc3 Nf6 24. Bf2 Nh5 25. Be3 Ng3 26. Rfe1 Bg5 27.
Qf2 Nh5 28. g3 Bxe3 29. Rxe3 dxe4 30. fxe4 b4 31. g4 bxc3 32. gxh5 Qg5+ 33.
Kh2 Qxh5 34. Rg1 cxb2 35. e5 Kh7 36. Qf6 c5 37. d5 Bf5 38. d6 Rce8 39. Bxf5
Qxf5 40. Qxf5 gxf5 41. Rb1 Re6 42. Rxb2 Rfe8 43. Rb5 Rxe5 44. Rxe5 Rxe5 45.
Rxa5 Rd5 46. Kg3 Kg6 47. d7 Rxd7 48. Rxc5 Rd3+ 49. Kh4 Ra3 50. Rc6+ f6 51.
Rc2 Ra4+ 52. Kg3 Kg5 53. Rb2 h5 54. Rc2 Ra3+ 55. Kg2 f4 56. Rc5+ f5 57. Rc2
Kh4 58. Rf2 Rg3+ 59. Kf1 f3 60. Rh2 Rxh3 61. Rxh3+ Kxh3 62. Kf2 Kg4 63. a4
h4 64. a5 h3 65. a6 h2 66. a7 h1=Q 67. a8=Q Qg2+ 68. Ke3 Qe2+ 69. Kd4 Qe4+
70. Qxe4+ fxe4 { White resigns } 0-1

[Event "ICC tourney 2259 (45 10)"]
[Site "Internet Chess Club"]
[Date "2020.12.30"]
[Round "4"]
[White "manest"]
[Black "kurumania"]
[Result "1/2-1/2"]
[ICCResult "Game drawn because neither player has mating material"]
[WhiteElo "2709"]
[BlackElo "2514"]
[Opening "Trompowsky attack (Ruth, Opocenský opening)"]
[ECO "A45"]
[NIC "QP.07"]
[Time "18:31:38"]
[PlyCount "196"]
[TimeControl "2700+10"]

1. d4 Nf6 2. Bg5 e6 3. e4 h6 4. Bxf6 Qxf6 5. c3 d6 6. Bc4 Qg6 7. Qf3 e5 8.
dxe5 Nd7 9. Nd2 Nxe5 10. Qg3 Qxg3 11. hxg3 Nxc4 12. Nxc4 g6 13. Ne2 Bg7 14.
Nf4 Bd7 15. O-O-O O-O-O 16. f3 h5 17. Kb1 Rde8 18. Ne3 Re5 19. Rd5 Rhe8 20.
Rhd1 Rxd5 21. Nexd5 Re5 22. Ne3 Rg5 23. Nf1 Bb5 24. Nh3 Re5 25. Ne3 Bh6 26.
Nc2 Bd7 27. Nf4 Kd8 28. Nb4 Rg5 29. Ne2 Bg7 30. Nd3 Ba4 31. Rd2 Bh6 32. f4
Rb5 33. c4 Rb6 34. c5 Ra6 35. Nb4 Ra5 36. cxd6 Bf8 37. dxc7+ Kxc7 38. a3
Rc5 39. Nc3 Bd7 40. Nd3 Ra5 41. Ne5 Be6 42. b4 Ra6 43. Nb5+ Kc8 44. Kb2 Bg7
45. Nd6+ Kb8 46. Nxf7 Bxf7 47. Rd8+ Kc7 48. Rd7+ Kc8 49. Rxf7 Bxe5+ 50.
fxe5 Re6 51. Kc3 Rxe5 52. Kd4 Rg5 53. e5 Rxg3 54. e6 Kd8 55. Rxb7 Rxa3 56.
Ke5 Ra2 57. g3 Ra3 58. b5 Ke8 59. Rg7 Re3+ 60. Kd5 Rb3 61. Kc5 Ra3 62. Rxg6
Ke7 63. Kc6 Rc3+ 64. Kb7 Ra3 65. Rg5 Kxe6 66. Rxh5 Ra5 67. g4 Kf6 68. Rc5
Kg6 69. Rf5 Kh6 70. Kc6 Kg6 71. Rd5 Ra1 72. Rc5 Ra2 73. Kc7 Ra5 74. Kd6 Kf6
75. Rf5+ Kg6 76. Kc6 Ra1 77. Rf8 Kg5 78. Rg8+ Kf4 79. Rg6 Rb1 80. Rd6 Ra1
81. Kb7 Ra5 82. Rd4+ Kg5 83. Kc6 Kg6 84. Rd5 Ra1 85. Rc5 Ra2 86. Kd5 Kg5
87. Rc4 Ra5 88. Kc6 Ra1 89. Rb4 Ra2 90. Kb7 Ra5 91. Kc7 Ra1 92. Rc4 Ra5 93.
Kc6 Ra1 94. Rd4 Ra5 95. Kc5 a6 96. Rb4 Rxb5+ 97. Rxb5 axb5 98. Kxb5 Kxg4 {
Game drawn because neither player has mating material } 1/2-1/2

[Event "ICC tourney 2259 (45 10)"]
[Site "Internet Chess Club"]
[Date "2020.12.30"]
[Round "5"]
[White "srohithkrishna"]
[Black "MiamiBoy"]
[Result "1/2-1/2"]
[ICCResult "Game drawn by repetition"]
[WhiteElo "2354"]
[BlackElo "2278"]
[Opening "QGD: 4.Nf3"]
[ECO "D37"]
[NIC "QI.01"]
[Time "21:01:55"]
[PlyCount "106"]
[TimeControl "2700+10"]

1. d4 Nf6 2. Nf3 e6 3. c4 d5 4. Nc3 dxc4 5. e3 c5 6. Bxc4 Nc6 7. O-O Be7 8.
a3 cxd4 9. exd4 O-O 10. h3 a6 11. Ba2 Qc7 12. Qe2 Rd8 13. Rd1 Nd5 14. Nxd5
exd5 15. Be3 Bf5 16. Rac1 Bf6 17. Qd2 Be4 18. Ng5 Bxg5 19. Bxg5 f6 20. Bf4
Qd7 21. Rc5 b6 22. Rc3 Rdc8 23. Rdc1 Bg6 24. Rb3 Qb7 25. h4 Ne7 26. Re1 Bf7
27. Rh3 h5 28. Bb1 Qd7 29. Qd3 Bg6 30. Rxe7 Bxd3 31. Rxd7 Bxb1 32. Rg3 g6
33. Bh6 b5 34. Rg7+ Kh8 35. Rf7 Re8 36. Rxf6 a5 37. Rd6 Rad8 38. Ra6 a4 39.
Bf4 Re1+ 40. Kh2 Re2 41. Be5+ Kg8 42. Rf3 Be4 43. Rf4 Rf8 44. Bf6 Rxb2 45.
Ra7 Rf7 46. Ra8+ Rf8 47. Ra7 Rf7 48. Ra8+ Rf8 49. Ra7 Rf7 50. Ra8+ Rf8 51.
Ra7 Rf7 52. Ra8+ Rf8 53. Ra7 Rf7 { Game drawn by repetition } 1/2-1/2

[Event "ICC tourney 2259 (45 10)"]
[Site "Internet Chess Club"]
[Date "2020.12.30"]
[Round "5"]
[White "BBCC2020"]
[Black "mentosandcoke"]
[Result "1-0"]
[ICCResult "Black checkmated"]
[WhiteElo "2193"]
[BlackElo "1931"]
[Opening "Dutch: classical variation"]
[ECO "A96"]
[NIC "HD.01"]
[Time "21:01:58"]
[PlyCount "69"]
[TimeControl "2700+10"]

1. d4 e6 2. c4 f5 3. g3 Nf6 4. Bg2 Be7 5. Nf3 O-O 6. O-O d6 7. b3 Ne4 8.
Qc2 Nc6 9. Bb2 Bf6 10. Rd1 a5 11. a3 Qe8 12. Nc3 Nxc3 13. Bxc3 e5 14. dxe5
dxe5 15. e4 f4 16. gxf4 exf4 17. e5 Be7 18. Nd2 Bg4 19. Bd5+ Kh8 20. f3 Bf5
21. Ne4 Bc5+ 22. Kh1 Be3 23. e6 Qh5 24. Qg2 Bg6 25. Bxc6 bxc6 26. Rd7 Rg8
27. Rad1 Qf5 28. Qb2 Qf8 29. e7 Qe8 30. Bxg7+ Rxg7 31. Rd8 Bxe4 32. fxe4
Kg8 33. Rxa8 Qxa8 34. Rd8+ Kf7 35. e8=Q# { Black checkmated } 1-0